 Dungeon Sprint DCSS version 0.30-a0-1114-gd936c97349 (webtiles) character file.

Game seed: 11102367745541455537

71 fozzywoppz the Fighter (level 4, -2/58 HPs)
             Began as an Ogre Fighter on Apr 20, 2023.
             Was an Initiate of Qazlal.
             Killed from afar by an air elemental (5 damage)
             ... with a stunning burst
             ... while paralysed by an air elemental
             ... in the Dungeon (Sprint V: "Ziggurat Sprint").
             The game lasted 00:03:25 (140 turns).

fozzywoppz the Fighter (Ogre Fighter)                Turns: 140, Time: 00:03:25

Health: -2/58      AC: 18    Str: 28    XL:     4   Next: 24%
Magic:  5/5        EV:  1    Int:  9    God:    Qazlal [......]
Gold:   0          SH:  0    Dex: 14    Spells: 3/3 levels left

rFire   + . .      SeeInvis .    E - +6 shillelagh "Devastator" {shatter}
rCold   + . .      Faith    .    G - +3 tower shield
rNeg    . . .      Spirit   .    F - +5 gold dragon scales
rPois   +          Reflect  .    (helmet restricted)
rElec   .          Rampage  .    (no cloak)
rCorr   .          NoTele   +    (gloves unavailable)
Will    .....                    (boots unavailable) Stlth
                                 (no amulet)
HPRegen 0.29/turn                x - +6 ring of dexterity
MPRegen 0.09/turn                A - +6 ring of strength

@: paralysed
A: large, unfitting armour, tough skin 1
a: Renounce Religion


You were in the Dungeon.
You worshipped Qazlal.
Qazlal was noncommittal.
You visited 1 branch

Inventory:

Hand Weapons
 a - a +5 giant spiked club
 n - the +10 dark maul {heavy}
   (You found it in the Dungeon)
 D - the +7 great mace "Firestarter" {flame, immolate, rFlCloud rF++}
   (You found it in the Dungeon)

   rFlCloud:  It grants immunity to clouds of flame.
   rF:        It greatly protects you from fire.
 E - the +6 shillelagh "Devastator" (weapon) {shatter}
   (You found it in the Dungeon)
Armour
 F - +5 gold dragon scales (worn)
 G - a +3 tower shield (worn)
Jewellery
 x - a +6 ring of dexterity (left hand)
 A - a +6 ring of strength (right hand)
Wands
 s - a wand of mindburst (7)
 t - a wand of iceblast (7)
 u - a wand of quicksilver (7)
 C - a wand of polymorph (8)
Scrolls
 j - 4 scrolls of blinking
 o - 4 scrolls of amnesia
 p - 6 scrolls of fog
 q - 5 scrolls of identify
 r - 2 scrolls of fear
Potions
 d - 6 potions of might
 e - 10 potions of curing
 f - 7 potions of heal wounds
 g - 6 potions of haste
 h - 7 potions of magic
 i - 3 potions of berserk rage
 k - 2 potions of brilliance
 l - 2 potions of invisibility
 m - 4 potions of resistance


   Skills:
 + Level 8.7 Fighting
 + Level 5.6 Maces & Flails
 + Level 3.6 Dodging
 + Level 4.0 Shields
 + Level 2.5 Invocations


You had 3 spell levels left.
You didn't know any spells.
Your spell library was empty.

Dungeon Overview and Level Annotations

Branches:
Dungeon (1/1)

Altars:
Ashenzari
Cheibriados
Dithmenos
Elyvilon
Fedhas
Gozag
Hepliaklqana
Kikubaaqudgha
Makhleb
Nemelex Xobeh
Okawaru
Qazlal
Ru
Sif Muna
Trog
Uskayaw
Vehumet
Wu Jian
Xom
Yredelemnul
Zin
The Shining One
Jiyva
Lugonu

Annotations:
D 1 transporter


Innate Abilities, Weirdness & Mutations

You are too large for most types of armour.
You have tough skin. (AC +1)


Message History

The air elemental is moderately damaged.
The air elemental fires a burst of electricity at you.
The stunning burst hits you.
You shrug off the repeated paralysis!
The air elemental hits you. x2; You block the air elemental's attack.
The air elemental hits you but does no damage. x2
The air elemental fires a burst of electricity at you.
The stunning burst hits you but does no damage.
You shrug off the repeated paralysis!
The air elemental fires a burst of electricity at you.
The stunning burst hits you!
You shrug off the repeated paralysis!
* * * LOW HITPOINT WARNING * * *
You block the air elemental's attack.
You feel much better.
The air elemental hits you but does no damage.
You block the air elemental's attack.
The air elemental hits you but does no damage.
The air elemental fires a burst of electricity at you.
The stunning burst hits you!
You shrug off the repeated paralysis!
* * * LOW HITPOINT WARNING * * *
You block the air elemental's attack.
The air elemental fires a burst of electricity at you.
The stunning burst hits you.
You shrug off the repeated paralysis!
* * * LOW HITPOINT WARNING * * *
The air elemental hits you but does no damage.
You block the air elemental's attack.
The air elemental fires a burst of electricity at you.
The stunning burst hits you but does no damage.
You shrug off the repeated paralysis!
As you read the scroll of fog, it crumbles to dust.
The scroll dissolves into smoke.
You block the air elemental's attack.
The air elemental fires a burst of electricity at you.
The stunning burst hits you.
You suddenly lose the ability to move!
* * * LOW HITPOINT WARNING * * *
The air elemental hits you but does no damage. x2
The air elemental fires a burst of electricity at you.
The stunning burst hits you.
* * * LOW HITPOINT WARNING * * *
The air elemental fires a burst of electricity at you.
The stunning burst hits you.
You die...

▓▓▓▓▓▓▓▓▓▓▓▓▓
▓.8©8.▓.8©8.▓
▓.}}}.▓.....▓
▓.....▓.|.).▓
▓.....▓.....▓
▓.§.§.▓..†..▓
▓.EEE§▓..©..▓
▓.§@§§▓▓▓▓▓▓▓
▓▓▓▓▓▓▓


You could see 3 air elementals.

Vanquished Creatures
  A bullfrog (D)
  A jackal (D)
2 creatures vanquished.

Notes
Turn   | Place    | Note
-------+----------+-------------------------------------------
     0 | D        | fozzywoppz the Ogre Fighter began the quest for the Orb.
     0 | D        | Reached XP level 1. HP: 24/24 MP: 1/1
     0 | D        | Found a shimmering blue altar of Sif Muna.
     0 | D        | Found a sacrificial altar of Ru.
     0 | D        | Found a bloodstained altar of Trog.
     0 | D        | Found a stormy altar of Qazlal.
     0 | D        | Found an iron altar of Okawaru.
     0 | D        | Found a sparkling altar of Nemelex Xobeh.
     0 | D        | Found a blossoming altar of Fedhas.
     0 | D        | Found the +6 Majin-Bo {spellvamp, MP+6 Int+6}
     0 | D        | Found the +27 heavy crossbow "Sniper" {heavy, Acc+∞ SInv}
     0 | D        | Found the +10 dark maul {heavy}
     0 | D        | Found the +15 Maxwell's patent armour {-Cast -Tele rElec
                  | Will+ rCorr}
     0 | D        | Found the +18 shield of the Gong {Loud rN+ Will+ rCorr
                  | EV-5}
     0 | D        | Found the +16 obsidian axe {drain, demonic, Mesm Drain Fly
                  | SInv}
     0 | D        | Found the +7 great mace "Firestarter" {flame, immolate,
                  | rFlCloud rF++}
     0 | D        | Found the +6 shillelagh "Devastator" {shatter}
     0 | D        | Found the +11 plutonium sword {Contam Stlth-}
     0 | D        | Found the +8 lance "Wyrmbane" {slay drac, rPois rF+ rC+
                  | AC+3}
     0 | D        | Found the +9 sword of Zonguldrok {reap}
     0 | D        | Found the +13 scythe of Curses {drain, curses, Drain}
     0 | D        | Found the +9 sword of Power {lifebolt}
     0 | D        | Found the +7 mace of Variability {chaos, chaos arc}
     0 | D        | Found the +11 Singing Sword {sonic wave}
     0 | D        | Found the +8 storm bow {elec, penet}
     2 | D        | Found a transporter.
     2 | D        | Found an ancient bone altar of Kikubaaqudgha.
     2 | D        | Found a viscous altar of Jiyva.
     2 | D        | Found a corrupted altar of Lugonu.
     2 | D        | Found a hazy altar of Hepliaklqana.
     2 | D        | Found a burning altar of Makhleb.
     2 | D        | Found an opulent altar of Gozag.
    14 | D        | Reached skill level 8 in Fighting
    14 | D        | Reached skill level 5 in Maces & Flails
    14 | D        | Reached XP level 2. HP: 41/41 MP: 2/2
    86 | D        | Became a worshipper of Qazlal Stormbringer
    96 | D        | Entered arena 2.
    96 | D        | Noticed a bullfrog
    96 | D        | Found a transporter.
    99 | D        | Killed a bullfrog
   100 | D        | Reached XP level 3. HP: 49/49 MP: 2/4
   100 | D        | Reached XP level 4. HP: 58/58 MP: 2/5
   134 | D        | Entered arena 3.
   134 | D        | Noticed an air elemental
   134 | D        | Noticed an air elemental
   134 | D        | Noticed an air elemental
   134 | D        | Found a transporter.
   134 | D        | Paralysed by an air elemental for 1 turns
   137 | D        | Paralysed by an air elemental for 1 turns
   140 | D        | Paralysed by an air elemental for 1 turns
   140 | D        | Killed from afar by an air elemental

Illustrated notes

Levels and vault maps discovered:
D:        sprint_v [room_start, room_1, room_2, room_3, room_4, room_5, room_6,
          room_7, room_8, room_9, room_10, room_11, room_12, room_13, room_14,
          room_15, room_16, room_17, room_18, room_19, room_20, room_21,
          room_22, room_23, room_24, room_25, room_26, room_27]

Skill      XL: |  1  2 |
---------------+-------+-----
Fighting       | 8 |  8.7
Maces & Flails | 5 |  5.6
Dodging        | 3 |  3.6
Shields        | 4 |  4.0
Invocations    | 2 |  2.5

Action                     |  1- 3 |  4- 6 || total
---------------------------+-------+-------++-------
  Melee: Shillelagh        |     3 |     2 ||     5
    Use: Potion            |     1 |     3 ||     4
         Scroll            |       |     1 ||     1
 Armour: Gold dragon scale |     4 |    15 ||    19
  Block: Tower shield      |     4 |     9 ||    13

Table legend: (Time is in decaauts)
 A = Elapsed time spent in this place.
 B = Non-inter-level travel time spent in this place.
 C = Inter-level travel time spent in this place.
 D = Time resting spent in this place.
 E = Time spent auto-exploring this place.
 F = Levels seen in this place.
 G = Mean time per level.
                   A        B        C        D        E       F      G
               +--------+--------+--------+--------+--------+-----+--------+
         Total |    140 |    140 |      0 |     27 |      0 |   1 |  140.0 |
       Dungeon |    140 |    140 |      0 |     27 |      0 |   1 |  140.0 |
               +--------+--------+--------+--------+--------+-----+--------+

Top non-repeatable levels by time:
       D: 140 daAuts
